 Dungeon Crawl Stone Soup version 0.21.1-1-g345015f (webtiles) character file.

702 HEYYEYAAE the Chiller (level 7, 57/57 HPs)
             Began as a Green Draconian Ice Elementalist on Feb 23, 2018.
             Got out of the dungeon alive.
             The game lasted 00:06:45 (4308 turns).

HEYYEYAAE the Chiller (DrIE)                        Turns: 4308, Time: 00:06:45

Health: 57/57      AC:  7    Str: 10    XL:     7   Next: 39%
Magic:  12/12      EV: 13    Int: 17    God:
Gold:   216        SH:  4    Dex: 12    Spells: 12/13 levels left

rFire    . . .     SeeInvis .   p - +1 hand axe (elec)
rCold    . . .     Gourm    .   n - +0 buckler
rNeg     . . .     Faith    .   (armour unavailable)
rPois    +         Spirit   .   (helmet restricted)
rElec    .         Reflect  .   u - +0 cloak
rCorr    +         Harm     .   (no gloves)
MR       .....                  (no boots)
Stlth    ++........             (no amulet)
HPRegen  0.19/turn              (no ring)
MPRegen  0.13/turn              r - ring of resist corrosion

@: no status effects
A: breathe noxious fumes, unfitting armour, poison resistance, cold-blooded, AC
+6
a: Breathe Noxious Fumes


You escaped.
You were not hungry.

You visited 1 branch of the dungeon, and saw 5 of its levels.

You collected 216 gold pieces.

Inventory:

Hand Weapons
 f - a +0 mace
 p - a +1 hand axe of electrocution (weapon)
Missiles
 e - 20 sling bullets
 h - 118 stones (quivered)
Armour
 n - a +0 buckler (worn)
 u - a +0 cloak (worn)
Jewellery
 r - a ring of resist corrosion (right hand)
Wands
 m - a wand of paralysis (13)
Scrolls
 d - a scroll of fear {unknown}
 g - 2 scrolls of noise
 i - a scroll of remove curse
 j - 2 scrolls of blinking {unknown}
 k - a scroll of fog
 l - 2 scrolls of immolation {unknown}
 q - a scroll of enchant armour {unknown}
Potions
 c - a potion of flight
 o - a potion of curing
 s - 2 potions of cancellation {unknown}
 t - a potion of brilliance {unknown}
Books
 a - a book of Frost

   Spells                             Type                      Level
   a - Freeze                         Ice                          1
   b - Throw Frost                    Conjuration/Ice              2
   c - Ozocubu's Armour               Charms/Ice                   3
   d - Throw Icicle                   Conjuration/Ice              4
   e - Summon Ice Beast               Ice/Summoning                4
Comestibles
 b - 3 rations


   Skills:
 + Level 3.4 Fighting
 + Level 3.4 Dodging
 - Level 1.7 Stealth
 + Level 2.6 Shields
 + Level 3.6 Spellcasting
   Level 1.0 Conjurations
 * Level 5.6 Ice Magic


You had 12 spell levels left.
You knew the following spells:

 Your Spells              Type           Power        Failure   Level  Hunger
a - Freeze                Ice            ###.         1%          1    None


Dungeon Overview and Level Annotations

Branches:
Dungeon (5/15)
 Temple: D:4-7

Altars:
Nemelex Xobeh

Annotations:
D:5 Menkaure


Innate Abilities, Weirdness & Mutations

You can breathe blasts of noxious fumes.
Your lurid green scales are hard. (AC +6)
You cannot fit into any form of body armour.
Your system is resistant to poisons. (rPois)
You are cold-blooded and may be slowed by cold attacks.


Message History

The crimson imp disappears in a puff of smoke!
Casting: Freeze
Confirm with . or Enter, or press ? or * to list all spells.
You can't see any susceptible monsters within range! (Use Z to cast anyway.)
Casting: Freeze
Confirm with . or Enter, or press ? or * to list all spells.
You can't see any susceptible monsters within range! (Use Z to cast anyway.)
You feel yourself speed up.
There is a stone staircase leading up here.
You climb upwards.
There is a stone staircase leading down here.
Magic restored.
HP restored.
Key pressed, stopping travel.
You can't go up here!
(D) Dungeon
Where to? (Enter - D:1 @ (x,y), ? - help)
There is a staircase leading out of the dungeon here.
Are you sure you want to leave the Dungeon?
This will make you lose the game!
You have escaped!

###..........[..### ##.....#
##.................## ##.##..
##.........####......## #.####
##........########.....###....#
#.......####....###.....##....#
##......###........##....##....#
#.......##...###...###....#....#
##......###..#####...##....#.....
#.......##..###.@##..##....#.....
#......###..###.##..###....##....
#......###...##.....##....##.....
........##....#######....###.#...
........###....####......# #.....
........# ##............######...
........## ####......#### #......
...>.....# ######## #....##
.........# #....#


There were no monsters in sight!

Vanquished Creatures
  Grinder (D:4)
  An ogre (D:4)
  A hound (D:4)
  Crazy Yiuf (D:4)
  Ijyb (D:4)
  Natasha (thrice) (D:2)
  2 iguanas
  An orc wizard (D:3)
  Robin (D:3)
  4 adders
  An ooze (D:2)
  3 worms
  3 dart slugs
  4 leopard geckos
  19 orcs
  10 bats
  4 giant cockroaches
  19 goblins
  10 hobgoblins
  4 jackals (D:2)
  2 quokkas
  4 frilled lizards
  A jackal skeleton (D:2)
  7 kobolds
  A leopard gecko zombie (D:2)
  8 rats
116 creatures vanquished.

Notes
Turn   | Place    | Note
-------+----------+-------------------------------------------
     0 | D:1      | HEYYEYAAE the Draconian Ice Elementalist began the quest for the Orb.
     0 | D:1      | Reached XP level 1. HP: 14/14 MP: 3/3
   283 | D:1      | Reached XP level 2. HP: 15/22 MP: 5/5
   860 | D:2      | Reached skill level 1 in Fighting
  1025 | D:2      | Reached XP level 3. HP: 25/28 MP: 6/6
  1322 | D:2      | Reached XP level 4. HP: 20/35 MP: 1/7
  1502 | D:2      | Found a sparkling altar of Nemelex Xobeh.
  1660 | D:2      | Noticed Natasha
  1667 | D:2      | Killed Natasha
  1667 | D:2      | Reached skill level 4 in Ice Magic
  2219 | D:3      | Reached skill level 1 in Shields
  2235 | D:3      | Reached XP level 5. HP: 38/41 MP: 7/9
  2293 | D:3      | Noticed Robin
  2299 | D:3      | Killed Robin
  2731 | D:3      | Found a faded altar of an unknown god.
  3158 | D:4      | Reached XP level 6. HP: 45/50 MP: 10/10
  3447 | D:4      | Noticed Grinder
  3452 | D:5      | Entered Level 5 of the Dungeon
  3452 | D:5      | Noticed Menkaure
  3465 | D:4      | Killed Grinder
  3465 | D:4      | Reached skill level 5 in Ice Magic
  3465 | D:4      | Your scales start taking on a lurid green colour.
  3465 | D:4      | Reached XP level 7. HP: 55/57 MP: 10/12
  3465 | D:4      | Gained mutation: Your system is resistant to poisons. (rPois) [Green Draconian growth]
  3596 | D:4      | Noticed Ijyb
  3600 | D:4      | Paralysed by Ijyb for 7 turns
  3612 | D:4      | Killed Ijyb
  3766 | D:4      | Found a runed door.
  4053 | D:4      | Noticed Crazy Yiuf
  4057 | D:4      | Killed Crazy Yiuf
  4170 | D:2      | Noticed Natasha
  4183 | D:2      | Killed Natasha
  4186 | D:2      | Noticed Natasha
  4192 | D:2      | Killed Natasha
  4308 | D:$      | Got out of the dungeon alive.

Skill      XL: |  1  2  3  4  5  6 |
---------------+-------------------+-----
Dodging        | 2 3 |  3.4
Fighting       | 1 2 3 |  3.4
Ice Magic      | 4 5 |  5.6
Shields        | 1 2 |  2.6
Spellcasting   | 3 |  3.6
Stealth        | |  1.7
Conjurations   | |  1.0

Action                   |  1- 3 |  4- 6 |  7- 9 || total
-------------------------+-------+-------+-------++-------
Melee: Unarmed           |     4 |       |       ||     4
       Mace              |    26 |       |       ||    26
       Tailslap          |     6 |     7 |     1 ||    14
       Hand axe          |    47 |   129 |    44 ||   220
 Cast: Freeze            |    33 |    44 |     4 ||    81
  Use: Scroll            |     5 |       |       ||     5
       Potion            |       |     4 |       ||     4
 Stab: Sleeping          |     5 |     4 |     3 ||    12
  Eat: Chunk             |     2 |     6 |       ||     8
       Ration            |       |       |     1 ||     1
Armor: Skin              |    31 |    52 |    14 ||    97
Dodge: Dodged            |    90 |   126 |    33 ||   249
Block: Buckler           |       |       |     3 ||     3
